 Dungeon Crawl Stone Soup version 0.18.1-48-g4cf74bf (webtiles) character file.

567 Alarkh the Poker (level 7, 0/50 HPs)
             Began as a Mummy Skald on July 31, 2016.
             Slain by an orc
             ... wielding a +1 flail of holy wrath
              (4 damage)
             ... on level 3 of the Dungeon.
             The game lasted 00:07:42 (5271 turns).

Alarkh the Poker (Mummy Skald)                      Turns: 5271, Time: 00:07:43

Health: 0/50       AC:  4    Str: 16    XL:     7   Next: 11%
Magic:  0/10       EV: 11    Int: 13    God:
Gold:   253        SH:  0    Dex: 11    Spells: 3 memorised, 4 levels left

rFire  x . .     SeeInvis .     a - +0 spear
rCold  + + .     Gourm    .     b - +0 leather armour
rNeg   + + +     Faith    .     (no shield)
rPois  ∞         Spirit   .     o - +0 helmet
rElec  .         Dismiss  .     (no cloak)
rCorr  .         Reflect  .     (no gloves)
SustAt .         Harm     .     (no boots)
MR     .....                    (no amulet)
Stlth  +.........               (no ring)
                                f - ring of protection from cold

@: very slightly contaminated, not resistant to hostile enchantments, very
unstealthy
A: no food or potions, fire vulnerability, cold resistance 1, negative energy
resistance 3, torment resistance, unbreathing
a: no special abilities


You were on level 3 of the Dungeon.
You were not hungry.

You visited 1 branch of the dungeon, and saw 5 of its levels.

You collected 253 gold pieces.

Inventory:

Hand Weapons
 a - a +0 spear (weapon)
Armour
 b - a +0 leather armour (worn)
 o - a +0 helmet (worn)
Jewellery
 f - a ring of protection from cold (left hand)
 l - an uncursed amulet of harm
Scrolls
 d - a scroll of teleportation
 e - a scroll of amnesia
 g - a scroll of recharging
 h - 2 scrolls of noise
 i - a scroll of enchant weapon
 j - 2 scrolls of random uselessness
 m - a scroll of remove curse {unknown}
 n - a scroll of enchant armour {unknown}
Books
 c - a book of Battle

   Spells                             Type                      Level
   a - Infusion                       Charms                       1
   b - Shroud of Golubria             Charms/Translocation         2
   c - Song of Slaying                Charms                       2
   d - Spectral Weapon                Hexes/Charms                 3
   e - Regeneration                   Charms/Necromancy            3
 k - a book of Misfortune

   Spells                             Type                      Level
   a - Confusing Touch                Hexes                        2
   b - Confuse                        Hexes                        3
   c - Gell's Gravitas                Hexes/Translocation          3
   d - Petrify                        Transmutation/Earth          4
   e - Metabolic Englaciation         Hexes/Ice                    5
   f - Yara's Violent Unravelling     Hexes/Transmutation          5


   Skills:
 - Level 2.0 Fighting
 + Level 6.5 Polearms
 - Level 0.7 Armour
 - Level 0.7 Dodging
 - Level 2.0 Spellcasting
 - Level 2.4 Charms


You had 4 spell levels left.
You knew the following spells:

 Your Spells              Type           Power        Failure   Level  Hunger
a - Infusion              Chrm           #...         14%         1    N/A
b - Shroud of Golubria    Chrm/Tloc      #.........   30%         2    N/A
c - Spectral Weapon       Hex/Chrm       #.......     65%         3    N/A

Dungeon Overview and Level Annotations

Branches:
Dungeon (5/15)
 Temple: D:4-7

Altars:
The Shining One

Annotations:
D:3 Inkary's ghost, amateur DrMo
D:4 Menkaure


Innate Abilities, Weirdness & Mutations

You do not eat or drink.
Your flesh is vulnerable to fire.
You are immune to poison.
Your flesh is cold resistant.
You are immune to negative energy.
You are immune to unholy pain and torment.
You can survive without breathing.


Message History

Level annotation: Inkary's ghost, amateur DrMo
There is a stone staircase leading down here.
Casting: Infusion
Confirm with . or Enter, or press ? or * to list all spells.
You miscast Shroud of Golubria.
You are very lightly contaminated with residual magic.
You spin around.
The orc barely misses you.
Casting: Shroud of Golubria
Confirm with . or Enter, or press ? or * to list all spells.
You miscast Shroud of Golubria.
The air around you crackles with energy!
The orc hits you with a flail of holy wrath.
* * * LOW HITPOINT WARNING * * *
You convulse.
* * * LOW HITPOINT WARNING * * *
Casting: Shroud of Golubria
Confirm with . or Enter, or press ? or * to list all spells.
You miscast Shroud of Golubria.
You feel uncomfortable.
The orc hits you with a flail of holy wrath.
You die...

.# #.#..# #..##### .#
#.##.# #..# .# #.##.#
#).##### .#####.##.#
#......# .......##.#
###.##.# .########.#
#.##.# %# #.# #.##.#
## #.#########.##.#
#.##...o@...##.#
#######
#.##.#########.#
......# #.##.# #.#
#####.###.##># #W#
#.........# #.#
#..###..#.# #.#
#..#####.##########.#
#...........W.......#
#.######.############


You could see an orc.

Vanquished Creatures
  An ice beast (D:4)
  An ogre (D:4)
  A scorpion (D:4)
  A hound (D:3)
  An orc priest (D:4)
  Ijyb (D:2)
  An orc wizard (D:4)
  A worker ant (D:4)
  Robin (D:4)
  6 adders
  A gnoll (D:4)
  An ooze (D:1)
  An adder zombie (D:3)
  2 worms
  2 dart slugs (D:1)
  2 giant geckos
  13 orcs (D:4)
  7 bats
  6 giant cockroaches
  14 goblins
  11 hobgoblins
  15 jackals
  6 kobolds
  2 quokkas
  2 ball pythons
  4 giant newts
  A jackal skeleton (D:4)
  3 rats
108 creatures vanquished.

Notes
Turn   | Place    | Note
--------------------------------------------------------------
     0 | D:1      | Alarkh the Mummy Skald began the quest for the Orb.
     0 | D:1      | Reached XP level 1. HP: 16/16 MP: 3/3
   108 | D:1      | Reached skill level 2 in Polearms
   112 | D:1      | Reached XP level 2. HP: 9/22 MP: 0/5
   763 | D:1      | Reached XP level 3. HP: 22/27 MP: 6/6
   967 | D:1      | Reached skill level 3 in Polearms
  1107 | D:2      | Noticed Ijyb
  1122 | D:2      | Killed Ijyb
  1122 | D:2      | Reached XP level 4. HP: 18/33 MP: 1/7
  1378 | D:2      | Found a glowing golden altar of the Shining One.
  1837 | D:3      | Reached skill level 4 in Polearms
  2189 | D:3      | Noticed Inkary's ghost (amateur DrMo)
  2399 | D:4      | Reached XP level 5. HP: 38/38 MP: 0/8
  2430 | D:4      | Noticed an ogre
  2550 | D:2      | Learned a level 2 spell: Shroud of Golubria
  2554 | D:2      | Learned a level 3 spell: Spectral Weapon
  3285 | D:4      | Noticed Robin
  3328 | D:3      | Reached skill level 5 in Polearms
  3524 | D:4      | Killed an ogre
  3524 | D:4      | Reached XP level 6. HP: 44/44 MP: 1/9
  3741 | D:5      | Entered Level 5 of the Dungeon
  4457 | D:4      | Killed Robin
  4546 | D:4      | Reached skill level 6 in Polearms
  4612 | D:5      | Noticed Menkaure
  4612 | D:5      | Noticed an ice beast
  4763 | D:4      | Killed an ice beast
  4763 | D:4      | Reached XP level 7. HP: 19/50 MP: 3/10
  5271 | D:3      | Slain by an orc

Skill      XL: |  1  2  3  4  5  6 |
---------------+-------------------+-----
Polearms       | 2 3 4 5 6 |  6.5
Fighting       | |  2.0
Armour         | |  0.7
Dodging        | |  0.7
Spellcasting   | |  2.0
Charms         | |  2.4

Action                   |  1- 3 |  4- 6 |  7- 9 || total
-------------------------+-------+-------+-------++-------
Melee: Spear             |   113 |   351 |    36 ||   500
 Cast: Infusion          |    15 |    47 |     3 ||    65
       Shroud of Golubri |       |     5 |     2 ||     7
  Use: Scroll            |       |     7 |       ||     7
Armor: Leather armour    |    21 |    64 |     5 ||    90
Dodge: Dodged            |    48 |   189 |    22 ||   259
